 Dungeon Crawl Stone Soup version 0.29-a0-275-g389c0b56f3 (webtiles) character file.

Game seed: 1550484882647745623

8 spaghetti the Skirmisher (level 2, 0/16 HPs)
             Began as an Octopode Chaos Knight on Mar 13, 2022.
             Was a Plaything of Xom.
             Slain by a jackal (3 damage)
             ... on level 1 of the Dungeon.
             The game lasted 00:00:39 (301 turns).

spaghetti the Skirmisher (Octopode Chaos Knight)     Turns: 301, Time: 00:00:40

Health: 0/16       AC:  1    Str:  8 (11) XL:     2   Next: 8%
Magic:  2/2        EV: 13    Int: 13 (14) God:    Xom [......]
Gold:   0          SH:  0    Dex: 10 (11) Spells: 1/1 levels left

rFire   . . .      SeeInvis .   a - +0 mace (chaos) {mace}
rCold   . . .      Faith    .   (no shield)
rNeg    . . .      Spirit   .   (helmet restricted)
rPois   .          Reflect  .   (no amulet)
rElec   .          Harm     .   (no ring)
rCorr   .          Rampage  .   (no ring)
Will    .....                   (no ring)
Stlth   ++........              (no ring)
HPRegen 0.05/turn               (no ring)
MPRegen 0.08/turn               (no ring)
                                (no ring)
                                (no ring)

@: no status effects
A: almost no armour, amphibious, 8 rings, camouflage 1, gelatinous body 1,
(nimble swimmer 1), tentacles, frail 2
a: Renounce Religion


You were on level 1 of the Dungeon.
You worshipped Xom.
You were a very special plaything of Xom.
You visited 1 branch of the dungeon, and saw 1 of its levels.


Innate Abilities, Weirdness & Mutations

You cannot wear most types of armour.
You are amphibious.
You can wear up to eight rings at the same time.
Your skin changes colour to match your surroundings (Stealth+).
Your rubbery body absorbs attacks. (AC +1, EV +1)
((You are camouflaged when in or above water. (Stealth+)))
You have tentacles for arms and can constrict up to eight enemies at once.
You are very frail. (-20% HP)


   Skills:
 + Level 3.5 Fighting
 - Level 3.0 Maces & Flails
 - Level 2.3 Dodging


You had one spell level left.
You didn't know any spells.
Your spell library was empty.

Inventory:

Hand Weapons
 a - a +0 mace of chaos (weapon) {mace}
Miscellaneous
 b - a piece from Xom's chessboard (1/15) (quivered)

Dungeon Overview and Level Annotations

Branches:
Dungeon (1/15)

Altars:

.#... .#
.#.# ..
...
#.##.##
#.....##
#...## #
#....#
##.hh##
###{[##
#@..#
####
#.#.#
....
....#
....
##.###
.... #..
##.# ##.
#


You could see 2 jackals.


Message History

Unknown command.
Unknown command.
A hobgoblin is nearby!
A hobgoblin is nearby!
A hobgoblin is nearby!
You start resting.
You flicker for a moment.
You flicker back into view.
Unknown command. 😮 HP[+7]
You regained 7 hp, and now have 11/16 hp.
Unknown command.
Unknown command.
Unknown command.
Key pressed, stopping explore. 😎 HP[+5]
Your hp is fully restored (16).
A hobgoblin is nearby!
A hobgoblin is nearby!
You make a move on Xom's chessboard...
The hobgoblin shouts!
The hobgoblin appears confused.
You make a move on Xom's chessboard...
The hobgoblin appears confused.
You make a move on Xom's chessboard...
The hobgoblin suddenly stops moving!
You make a move on Xom's chessboard...
The hobgoblin is outlined in light.
You make a move on Xom's chessboard...
Nothing appears to happen.
You make a move on Xom's chessboard...
Nothing appears to happen.
You make a move on Xom's chessboard...
The hobgoblin struggles to resist.
You make a move on Xom's chessboard...
The hobgoblin falls asleep!
The hobgoblin turns to stone!
You make a move on Xom's chessboard...
Nothing appears to happen.
The hobgoblin stops glowing.
You make a move on Xom's chessboard...
The jackal barks!
The jackal struggles to resist.
The chess piece greys!
You hear a bark!
No target in range!
No target in range!
No target in range!
No target in range!
No target in range!
No target in range!
No target in range!
No target in range!
No target in range!
No target in range!
No target in range!
No target in range!
No target in range!
No target in range!
No target in range!
No target in range!
No target in range!
No target in range!
No target in range!
No target in range!
A quokka comes into view.
The helpless hobgoblin fails to defend itself.
You sock the hobgoblin!
The hobgoblin seems to grow stronger.
Xom thinks this is hilarious!
You grab the hobgoblin.
You constrict the hobgoblin, but do no damage.
The hobgoblin is no longer paralysed.
The helpless hobgoblin fails to defend itself.
You hit the hobgoblin.
You kill the hobgoblin!
The jackal barks!
The jackal bites you. The jackal barely misses you.
Your piece from Xom's chessboard (1/15) has regained one charge. 😕 HP[-2]
You take 2 damage, and now have 14/16 hp.
You hit the jackal but do no damage.
The jackal flickers and vanishes!
The jackal barely misses you. The jackal bites you.
Something barely misses you. The jackal barely misses you.
The jackal closely misses you. 😕 HP[-1]
You take 1 damage, and now have 13/16 hp.
You miss something. Something bites you but does no damage.
The jackal barely misses you.
The jackal bites you but does no damage.
Something bites you. The jackal completely misses you.
The jackal bites you. 😮 HP[-3]
You take 3 damage, and now have 10/16 hp.
Unknown command.
The jackal attacks as you move away! The jackal completely misses you.
Something bites you but does no damage. 😮 HP[+1]
Something bites you. The jackal bites you.
* * * LOW HITPOINT WARNING * * *
The jackal bites you.
* * * LOW HITPOINT WARNING * * *
😨 HP[-6]
You take 6 damage, and now have 5/16 hp.
MASSIVE DAMAGE!! (PAUSE)
The jackal bites you.
* * * LOW HITPOINT WARNING * * *
😱 HP[-2]
You take 2 damage, and now have 3/16 hp.
Something bites you.
You die...

Action                   || total
-------------------------++-------
Melee: Mace              ||    14
       Constrict         ||     3
       Tentacles         ||     1
Evoke: Piece from Xom's  ||    15
  Use: Scroll            ||     1
       Potion            ||     1
 Stab: Petrified         ||     4
       Paralysed         ||     1
Armor: Skin              ||     5
Dodge: Dodged            ||    13

Levels and vault maps discovered:
D:1:      minmay_arrival_radiant_lines, layout_rooms, minmay_misc_feat_rows

Notes
Turn   | Place    | Note
-------+----------+-------------------------------------------
     0 | D:1      | spaghetti the Octopode Chaos Knight began the quest for the
                  | Orb.
     0 | D:1      | Reached XP level 1. HP: 16/16 MP: 1/1
     0 | D:1      | magus.rc [v1.9.6]
     6 | D:1      | XOM: potion effect (invisibility)
    21 | D:1      | HP: 2/16 [something (3)]
    26 | D:1      | Reached XP level 2. HP: 3/21 MP: 2/2
    32 | D:1      | XOM: give mutations
    32 | D:1      | Gained mutation: You are frail. (-10% HP) [Xom's mischief]
    32 | D:1      | Gained mutation: You are very frail. (-20% HP) [Xom's
                  | mischief]
   300 | D:1      | HP: 3/16 [jackal (2)]
   301 | D:1      | Slain by a jackal

Vanquished Creatures
  A dart slug (D:1)
  An endoplasm (D:1)
  A goblin (D:1)
  A hobgoblin (D:1)
  A jackal (D:1)
5 creatures vanquished.

Table legend:
 A = Non-vault XP
 B = Vault XP
 C = Vault XP percentage of total XP
 D = Non-vault monster count
 E = Vault monster count
 F = Vault count percentage of total count
                 A         B        C        D         E       F
            +---------+---------+-------+---------+---------+-------
      Total |      12 |       0 |   0.0 |       5 |       0 |   0.0
            +---------+---------+-------+---------+---------+-------
        D:1 |      12 |       0 |   0.0 |       5 |       0 |   0.0
            +---------+---------+-------+---------+---------+-------

Illustrated notes

Table legend:
 A = Kills in this place as a percentage of kills in entire the game.
 B = Kills by you in this place as a percentage of kills by you in the entire game.
 C = Kills by friends in this place as a percentage of kills by friends in the entire game.
 D = Other kills in this place as a percentage of other kills in the entire game.
 E = Experience gained in this place as a percentage of experience gained in the entire game.
 F = Experience gained in this place divided by the number of levels of this place that you have seen.
                   A       B       C       D       E      F
               +-------+-------+-------+-------+-------+----------------------
         Total | 100.0 | 100.0 |   N/A |   N/A | 100.0 |  12.0
       Dungeon | 100.0 | 100.0 |   N/A |   N/A | 100.0 |  12.0
               +-------+-------+-------+-------+-------+----------------------

Table legend: (Time is in decaauts)
 A = Elapsed time spent in this place.
 B = Non-inter-level travel time spent in this place.
 C = Inter-level travel time spent in this place.
 D = Time resting spent in this place.
 E = Time spent auto-exploring this place.
 F = Levels seen in this place.
 G = Mean time per level.
                   A        B        C        D        E       F      G
               +--------+--------+--------+--------+--------+-----+--------+
         Total |    304 |    304 |      0 |    133 |     98 |   1 |  304.0 |
       Dungeon |    304 |    304 |      0 |    133 |     98 |   1 |  304.0 |
               +--------+--------+--------+--------+--------+-----+--------+

Top non-repeatable levels by time:
     D:1: 304 daAuts
